 Dungeon Crawl Stone Soup version 0.22-a0-367-gb72a975 (webtiles) character file.

15031 Thalamas the Severer (level 11, -5/112 HPs)
             Began as a Minotaur Fighter on Apr 23, 2018.
             Was an Initiate of Gozag.
             Slain by an ettin (shapeshifter) (9 damage)
             ... on level 11 of the Dungeon.
             The game lasted 00:26:16 (14414 turns).

Thalamas the Severer (Minotaur Fighter)            Turns: 14414, Time: 00:26:19

Health: -5/112     AC: 11    Str: 25    XL:     11   Next: 96%
Magic:  19/19      EV:  7    Int:  5    God:    Gozag
Gold:   592        SH:  9    Dex:  9    Spells: 10/10 levels left

rFire    + . .     SeeInvis .   A - +3 flail (protect)
rCold    . . .     Gourm    .   c - +0 shield
rNeg     . . .     Faith    .   q - +0 chain mail
rPois    .         Spirit   .   (helmet restricted)
rElec    .         Reflect  .   Q - scarf {repulsion}
rCorr    .         Harm     .   m - +0 pair of gloves
MR       .....                  (no boots)
Stlth    ..........             (no amulet)
HPRegen  0.28/turn              n - ring of protection from fire
MPRegen  0.16/turn              x - ring of magical power

@: drained, repel missiles
A: retaliatory headbutt, horns 2
a: Potion Petition, Call Merchant, Bribe Branch, Renounce Religion


You were on level 11 of the Dungeon.
You worshipped Gozag.
Gozag was pleased with you.
You were not hungry.

You visited 2 branches of the dungeon, and saw 12 of its levels.

You collected 2111 gold pieces.
You spent 1412 gold pieces at shops.
You paid 107 gold pieces to Gozag.

Inventory:

Hand Weapons
 a - a +0 war axe
 A - a +3 flail of protection (weapon)
 D - a +0 whip of electrocution
Missiles
 k - 11 bolts
 l - 168 stones
 p - 125 sling bullets
 t - a throwing net
 H - 96 arrows
 I - 2 tomahawks (quivered)
Armour
 c - a +0 shield (worn)
 m - a +0 pair of gloves (worn)
 q - a +0 chain mail (worn)
 Q - a scarf of repulsion (worn)
Jewellery
 n - a ring of protection from fire (left hand)
 x - a ring of magical power (right hand)
Wands
 J - a wand of disintegration (17)
 K - a wand of flame (39)
 L - a wand of iceblast (12)
 M - a wand of paralysis (18)
 N - a wand of polymorph (22)
 P - a wand of enslavement (8)
Scrolls
 b - 10 scrolls of remove curse
 e - 4 scrolls of fog
 h - 9 scrolls of teleportation
 j - 6 scrolls of enchant weapon {unknown}
 o - 3 scrolls of amnesia
 u - 4 scrolls of immolation {unknown}
 v - 3 scrolls of blinking {unknown}
 w - 10 scrolls of identify
 y - a scroll of fear {unknown}
 G - 4 scrolls of magic mapping {unknown}
 O - 2 scrolls of brand weapon
 R - a scroll of holy word
 T - a scroll of silence
Potions
 d - 3 potions of might
 g - 6 potions of brilliance {unknown}
 i - a potion of lignification {unknown}
 r - 3 potions of heal wounds
 s - 6 potions of curing
 z - 3 potions of ambrosia {unknown}
 B - 3 potions of flight {unknown}
 C - 2 potions of mutation {unknown}
 E - a potion of berserk rage {unknown}
 F - a potion of agility {unknown}
Comestibles
 f - 9 rations


   Skills:
 - Level 15.0(14.9) Fighting
 + Level 15.3 Axes
 + Level 6.6 Armour
 + Level 3.7 Dodging
 - Level 4.0(3.9) Shields


You had 10 spell levels left.
You didn't know any spells.

Dungeon Overview and Level Annotations

Branches:
Dungeon (11/15)            Temple (1/1) D:5            Lair (0/6) D:8
    Orc: D:9-12

Altars:
Ashenzari
Cheibriados
Dithmenos
Elyvilon
Fedhas
Gozag
Hepliaklqana
Kikubaaqudgha
Makhleb
Nemelex Xobeh
Okawaru
Qazlal
Ru
Sif Muna
Trog
Uskayaw
Vehumet
Wu Jian
Xom
Yredelemnul
Zin
The Shining One
Lugonu

Shops:
D:6 (*=*   D:7 (   D:11 ?

Annotations:
D:10 exclusion: ice statue


Innate Abilities, Weirdness & Mutations

You reflexively headbutt those who attack you in melee.
You have a pair of horns on your head.


Message History

There is a stone staircase leading up here.
You see here 9 gold pieces.
Things that are here:
5 gold pieces; a dagger; a robe Evoke which item? (* to show all) (? for menu, Esc to quit)
Aiming: Iceblast
Press: ? - help, Shift-Dir - straight line, p - ettin The mass of ice explodes!
The iceblast engulfs the ettin.
The ettin is severely wounded.
You block the ettin's attack. The ettin hits you but does no damage.
Evoke which item? (* to show all) (? for menu, Esc to quit)
Aiming: Iceblast
Press: ? - help, Shift-Dir - straight line The mass of ice explodes!
The iceblast engulfs the ettin.
The ettin is severely wounded.
The ettin hits you!!
* * * LOW HITPOINT WARNING * * *
The ettin hits you!
You die...
Your body crumbles into a pile of gold.

#...a.........#
#..Zh.#....
#..#$########)###
#?..D###.## #.....
... ..... .......##
#.# ....#.. ...##..#
####.... ## #########
#.#...######....
#...$<$$)...##.
#.#.#$###.......
#.#[# #.#.##..
####.#.#@###.#.##..#
........C.....[....z#
..............#.##..
.####.#.#.#.###
#.#.#.#.# #.#.#.#.# #
....... ########


You could see an ettin.

Vanquished Creatures
  A hydra (D:11)
  3 death yaks
  An ogre mage (D:10)
  A two-headed ogre (D:8)
  The ghost of Deeps the Fighter, a novice GrFi of Okawaru (D:10)
  Pikel (D:4)
  The ghost of jejorda2 the Caller, a novice KoSu (D:6)
  A cyclops (D:9)
  A gargoyle (D:10)
  Joseph (D:8)
  A hippogriff (D:9)
  16 yaks
  A wyvern (D:10)
  A hungry ghost (D:10)
  The ghost of RandomusNamus the Slasher, an amateur BaFi of Okawaru (D:3)
  A warg (D:11)
  A water moccasin (D:5)
  4 sky beasts
  2 ice beasts
  A black bear (D:7)
  6 orc warriors
  3 necrophages
  2 ogres
  A centaur (D:5)
  A phantom (D:4)
  2 crocodiles
  A big kobold (D:10)
  2 bullfrogs
  Blork the orc (D:4)
  A wyvern zombie (D:10)
  3 scorpions
  11 killer bees
  A water moccasin skeleton (D:5)
  An electric eel (D:6)
  5 howler monkeys
  5 wights (D:11)
  5 crimson imps
  2 bullfrog zombies
  7 hounds
  5 jellies
  2 quasits
  3 orc priests
  8 orc wizards
  2 bullfrog skeletons
  2 centaur skeletons
  9 iguanas
  Natasha (thrice) (D:4)
  10 worker ants
  A killer bee zombie (D:5)
  A hound skeleton (D:5)
  8 gnolls
  A worker ant zombie (D:10)
  14 adders
  An ooze (D:2)
  2 adder zombies
  4 worms
  5 dart slugs
  3 leopard geckos
  54 orcs
  A ball python (D:1)
  7 giant cockroaches
  2 gnoll zombies (D:5)
  8 goblins
  9 hobgoblins
  9 jackals
  10 kobolds
  2 quokkas
  11 bats
  5 frilled lizards
  A quokka skeleton (D:5)
  10 rats
314 creatures vanquished.

Vanquished Creatures (others)
  A slave (D:6)
  A bullfrog (D:6)
  A crimson imp (D:6)
  A worm (D:4)
  A leopard gecko (D:4)
  A ball python (D:4)
  A giant cockroach (D:4)
7 creatures vanquished.

Grand Total: 321 creatures vanquished

Notes
Turn   | Place    | Note
-------+----------+-------------------------------------------
     0 | D:1      | Thalamas the Minotaur Fighter began the quest for the Orb.
     0 | D:1      | Reached XP level 1. HP: 19/19 MP: 0/0
   226 | D:1      | Reached XP level 2. HP: 23/27 MP: 1/1
   767 | D:1      | Reached XP level 3. HP: 33/33 MP: 2/2
  1286 | D:2      | Reached XP level 4. HP: 36/41 MP: 3/3
  1785 | D:2      | Reached XP level 5. HP: 22/47 MP: 4/4
  2442 | D:2      | Reached skill level 5 in Fighting
  2442 | D:2      | Reached skill level 5 in Armour
  2639 | D:3      | Noticed RandomusNamus's ghost (amateur BaFi)
  3224 | D:3      | Killed RandomusNamus's ghost
  3224 | D:3      | Reached skill level 5 in Axes
  3224 | D:3      | Reached XP level 6. HP: 57/57 MP: 5/5
  3452 | D:4      | Noticed Natasha
  3475 | D:3      | Reached XP level 7. HP: 57/64 MP: 6/6
  3507 | D:4      | Killed Natasha
  3570 | D:4      | Noticed Natasha
  3649 | D:4      | Noticed Pikel
  3660 | D:4      | Killed Pikel
  3660 | D:4      | Reached XP level 8. HP: 12/75 MP: 7/7
  3668 | D:4      | Killed Natasha
  3930 | D:4      | Noticed Blork the orc
  3939 | D:4      | Killed Blork the orc
  4061 | D:4      | Found an ancient bone altar of Kikubaaqudgha.
  4194 | D:4      | Noticed Natasha
  4196 | D:4      | Killed Natasha
  4278 | D:5      | Entered Level 5 of the Dungeon
  4808 | D:5      | Found a staircase to the Ecumenical Temple.
  4817 | Temple   | Entered the Ecumenical Temple
  4853 | Temple   | Became a worshipper of Gozag Ym Sagoz the Greedy
  4880 | D:5      | Reached skill level 10 in Fighting
  5299 | D:5      | Found a basalt altar of Yredelemnul.
  5347 | D:6      | Reached XP level 9. HP: 78/85 MP: 8/8
  5378 | D:6      | Reached skill level 10 in Axes
  5392 | D:6      | Found Gila's Antique Weapon Shop.
  5447 | D:6      | Found Xacaaxku's Assorted Antiques.
  5455 | D:6      | Bought a scroll labeled SUTEURGH NOATOKK for 26 gold pieces
  5455 | D:6      | Bought an amethyst potion for 23 gold pieces
  5464 | D:6      | Noticed jejorda2's ghost (novice KoSu)
  6020 | D:6      | Found Vais's Assorted Antiques.
  6028 | D:6      | Bought 2 scrolls labeled HIRGHA HIEL DIT for 74 gold pieces
  6028 | D:6      | Bought a scroll labeled TOAWNOPN ANKUC for 37 gold pieces
  6053 | D:6      | Found a hide-covered altar of Uskayaw.
  6061 | D:6      | Found a shattered altar of Ashenzari.
  6061 | D:6      | Found a stormy altar of Qazlal.
  6312 | D:6      | Found a snail-covered altar of Cheibriados.
  6312 | D:6      | Found a deep blue altar of Sif Muna.
  6317 | D:6      | Found a glowing golden altar of the Shining One.
  6320 | D:6      | Found an ornate altar of the Wu Jian Council.
  6321 | D:6      | Found a radiant altar of Vehumet.
  6357 | D:6      | Bought an encrusted iron wand for 148 gold pieces
  6357 | D:6      | Bought a curved bone wand for 148 gold pieces
  6424 | D:6      | Found a bloodstained altar of Trog.
  6710 | D:6      | Killed jejorda2's ghost
  6890 | D:6      | Found Rayvaosa's Jewellery Boutique.
  6961 | D:6      | Bought a bronze wand for 148 gold pieces
  7583 | D:7      | Found Cuynej's Weapon Boutique.
  7996 | D:7      | Found a hazy altar of Hepliaklqana.
  7997 | D:7      | Found a shimmering altar of Xom.
  7998 | D:7      | Noticed a spectral ugly thing
  8345 | D:8      | Noticed a two-headed ogre
  8352 | D:8      | Killed a two-headed ogre
  8352 | D:8      | Reached XP level 10. HP: 68/97 MP: 9/9
  8594 | D:8      | Found a sacrificial altar of Ru.
  8687 | D:8      | Noticed a death yak
  8688 | D:8      | Noticed a death yak
  8955 | D:7      | Killed a death yak
  9117 | D:8      | Noticed a death yak
  9127 | D:8      | Killed a death yak
  9138 | D:8      | Killed a death yak
  9608 | D:8      | Found a staircase to the Lair.
  9872 | D:8      | Found a sparkling altar of Nemelex Xobeh.
  9884 | D:8      | Noticed Joseph
  9891 | D:8      | Killed Joseph
 10209 | D:9      | Reached XP level 11. HP: 93/108 MP: 10/10
 10497 | D:9      | Found a blossoming altar of Fedhas.
 10918 | D:9      | Found a white marble altar of Elyvilon.
 11129 | D:10     | Entered Level 10 of the Dungeon
 11592 | D:10     | Noticed Deeps's ghost (novice GrFi)
 11640 | D:10     | Killed Deeps's ghost
 12377 | D:10     | Reached skill level 15 in Fighting
 13038 | D:10     | Reached skill level 1 in Dodging
 13264 | D:11     | Noticed a four-headed hydra
 13399 | D:11     | Found Voihowu's Magic Scroll Shoppe.
 13405 | D:11     | Bought a scroll of identify for 32 gold pieces
 13405 | D:11     | Bought a scroll of identify for 32 gold pieces
 13405 | D:11     | Bought a scroll of remove curse for 48 gold pieces
 13405 | D:11     | Bought a scroll of brand weapon for 320 gold pieces
 13405 | D:11     | Bought a scroll of holy word for 120 gold pieces
 13405 | D:11     | Bought a scroll of random uselessness for 16 gold pieces
 13405 | D:11     | Bought a scroll of teleportation for 48 gold pieces
 13405 | D:11     | Bought a scroll of amnesia for 56 gold pieces
 13405 | D:11     | Bought a scroll of noise for 16 gold pieces
 13405 | D:11     | Bought a scroll of silence for 120 gold pieces
 13739 | D:11     | Noticed a glowing orange brain
 13748 | D:10     | Reached skill level 15 in Axes
 13779 | D:11     | Noticed a shock serpent
 13779 | D:11     | a glowing orange brain changed into a shock serpent
 13783 | D:11     | Killed a four-headed hydra
 14195 | D:11     | Noticed an ogre mage
 14211 | D:10     | Killed an ogre mage
 14395 | D:11     | Noticed an ettin
 14414 | D:11     | HP: 4/112 [ettin (shapeshifter) (29)]
 14414 | D:11     | Slain by an ettin (shapeshifter)

Vault maps used:
D:1:      dpeg_arrival_simpleton_b, hangedman_decor_opposing
D:2:      kennysheep_generic_room_10
D:3:      first_ration
D:4:      kennysheep_six_static_rooms, kennysheep_mini_moat, uniq_blork_the_orc,
          uniq_natasha, uniq_pikel
D:5:      kennysheep_spiral_hall, lemuel_zombie_altar_yredelemnul,
          minmay_temple_entry_statues, sigmund_army
D:6:      grunt_temple_overflow_open, serial_shops, shop,
          nicolae_shop_temple_entry_statues_fountains, shop_coins,
          nicolae_shop_statue_plus, st_stairs_10, serial_bayou_ford_a,
          trog_butcher_becter
D:7:      regret_index_temple_of_mockery, serial_shops,
          nicolae_shop_behind_doors
D:8:      nemelex_xobeh_ov_fountains_minmay, lemuel_coloured_pillars_altar,
          dpeg_lair_monsters, uniq_joseph
D:9:      kennysheep_little_box, old_standard_altar
D:10:     special_room, minivault_16
D:11:     minmay_curly_fans, erik_orc_3, serial_shops, shop, shop_fountains,
          uniq_harold
Temple:   corrupted_temple

Skill      XL: |  1  2  3  4  5  6  7  8  9 10 11 |
---------------+----------------------------------+-----
Fighting       | 4 6 8 10 12 13 15 | 15.0
Shields        | 4 |  4.0
Armour         | 4 5 6 |  6.6
Axes           | 3 4 5 6 8 9 11 13 15 | 15.3
Dodging        | 3 |  3.7

Action                   |  1- 3 |  4- 6 |  7- 9 | 10-12 || total
-------------------------+-------+-------+-------+-------++-------
Melee: War axe           |    85 |    62 |     4 |       ||   151
       Headbutt          |     8 |    19 |    50 |   122 ||   199
       Flail             |       |    89 |   306 |   563 ||   958
       Whip              |       |       |     3 |       ||     3
Throw: Throwing net      |       |       |     1 |       ||     1
Evoke: Wand              |       |       |     1 |    16 ||    17
  Use: Potion            |       |       |     3 |     1 ||     4
       Scroll            |       |       |       |     2 ||     2
 Stab: Held in net/web   |       |       |     2 |       ||     2
       Distracted        |       |       |       |     3 ||     3
  Eat: Chunk             |     1 |     7 |     2 |       ||    10
       Ration            |       |       |     4 |     8 ||    12
Armor: Scale mail        |    50 |       |       |       ||    50
       Chain mail        |       |   112 |   215 |   291 ||   618
Dodge: Dodged            |    34 |    36 |    76 |   122 ||   268
       Deflected         |       |       |       |     1 ||     1
Block: Shield            |    57 |    92 |   175 |   234 ||   558

Table legend:
 A = Spawn XP
 B = Non-spawn XP
 C = Spawn XP percentage of total XP
 D = Spawn monster count
 E = Non-spawn monster count
 F = Spawn count percentage of total count
 G = Total turns spent on level
                    A         B        C        D         E        F      G
               +---------+---------+-------+---------+---------+-------+---------
         Total |       0 |   21473 |   0.0 |       0 |     314 |   0.0 | 14414
               +---------+---------+-------+---------+---------+-------+---------
           D:1 |       0 |      52 |   0.0 |       0 |      27 |   0.0 |  1195
           D:2 |       0 |     166 |   0.0 |       0 |      29 |   0.0 |  1416
           D:3 |       0 |     478 |   0.0 |       0 |      27 |   0.0 |   764
           D:4 |       0 |    1384 |   0.0 |       0 |      18 |   0.0 |  1225
           D:5 |       0 |     820 |   0.0 |       0 |      32 |   0.0 |  1197
           D:6 |       0 |    1550 |   0.0 |       0 |      21 |   0.0 |  1586
           D:7 |       0 |    1926 |   0.0 |       0 |      21 |   0.0 |  1656
           D:8 |       0 |    4051 |   0.0 |       0 |      19 |   0.0 |  1087
           D:9 |       0 |    2809 |   0.0 |       0 |      39 |   0.0 |  1036
          D:10 |       0 |    5889 |   0.0 |       0 |      60 |   0.0 |  2896
          D:11 |       0 |    2348 |   0.0 |       0 |      21 |   0.0 |   307
               +---------+---------+-------+---------+---------+-------+---------
